 Dungeon Crawl Stone Soup version 0.29.1-15-g9cfb28693d (webtiles) character file.

Game seed: 14871224070270363088

107 BeingJoeMalik the Poker (level 4, -10/26 HPs)
             Began as a Tengu Gladiator on Feb 26, 2023.
             Killed by divine providence
             ... invoked by an orc priest
              (14 damage)
             ... on level 3 of the Dungeon.
             The game lasted 00:03:50 (1954 turns).

BeingJoeMalik the Poker (Tengu Gladiator)           Turns: 1954, Time: 00:03:50

Health: -10/26     AC:  4    Str: 14    XL:     4   Next: 86%
Magic:  0/5        EV: 13    Int:  8    God:
Gold:   102        SH:  0    Dex: 18    Spells: 3/3 levels left

rFire   . . .      SeeInvis .   a - +0 trident
rCold   . . .      Faith    .   (no shield)
rNeg    . . .      Spirit   +   b - +0 leather armour
rPois   .          Reflect  .   c - +0 hat
rElec   .          Harm     .   (no cloak)
rCorr   .          Rampage  .   t - +0 pair of gloves
Will    .....                   (boots unavailable)
Stlth   +.........              k - amulet of guardian spirit
HPRegen 0.08/turn               (no ring)
MPRegen 0.09/turn               (no ring)

@: no status effects
A: beak, talons 3
a: no special abilities


You were on level 3 of the Dungeon.
You visited 1 branch of the dungeon, and saw 3 of its levels.

You collected 102 gold pieces.

Inventory:

Hand Weapons
 a - a +0 trident (weapon)
 l - a +1 sling of freezing
Missiles
 d - 5 throwing nets
 e - a javelin
 i - 2 poisoned darts (quivered)
Armour
 b - a +0 leather armour (worn)
 c - a +0 hat (worn)
 t - a +0 pair of gloves (worn)
Magical Staves
 o - a staff of conjuration
Jewellery
 k - an amulet of guardian spirit (around neck)
Scrolls
 h - a scroll of teleportation {unknown}
 j - 2 scrolls of fear {unknown}
 n - a scroll of identify {unknown}
 q - a scroll of acquirement {unknown}
 u - a scroll of butterflies {unknown}
Potions
 f - a potion of curing {unknown}
 g - 2 potions of resistance {unknown}
 m - a potion of flight {unknown}
 p - a potion of berserk rage {unknown}
 r - a potion of might {unknown}
 s - a potion of attraction {unknown}


   Skills:
 - Level 2.0 Fighting
 + Level 6.0 Polearms
 - Level 2.0 Throwing
 - Level 3.2 Dodging


You had 3 spell levels left.
You didn't know any spells.
Your spell library contained the following spells:

 Spells                   Type           Power      Damage    Failure   Level
 Animate Dead             Necr           0%         N/A       99%         4
 Haunt                    Necr/Summ      0%         N/A       100%        7
 Infestation              Necr           0%         N/A       100%        8
 Chain Lightning          Conj/Air       0%         N/A       100%        9
 Fire Storm               Conj/Fire      0%         5d1       100%        9
 Shatter                  Erth           0%         3d5*      100%        9


Dungeon Overview and Level Annotations

Branches:
Dungeon (3/15)

Altars:
Nemelex Xobeh
Zin


Innate Abilities, Weirdness & Mutations

You have a beak for a mouth.
You have claws for feet.


Message History

You reach to attack!
You hit the orc.
The orc is severely wounded.
You hear a splashing noise.
You puncture the orc!
You kill the orc!
You start waiting.
An orc priest is nearby!
You reach to attack!
The orc priest shouts!
You puncture the orc priest!
The orc priest is heavily wounded.
You hear a shout!
You barely miss the orc priest.
The orc priest is heavily wounded.
The orc priest hits you with a +0 mace.
The orc hits you from afar with a +0 trident.
You barely miss the orc priest.
The orc priest is heavily wounded.
The orc priest closely misses you. The orc closely misses you.
You barely miss the orc priest.
The orc priest is heavily wounded.
The orc priest barely misses you.
The orc hits you from afar with a +0 trident.
You barely miss the orc priest. You claw the orc priest!
You kill the orc priest!
An orc priest comes into view. It is wielding a +0 short sword.
The orc barely misses you.
Your Polearms skill increases to level 6!
The orc priest mumbles some strange prayers to Beogh against you.
Beogh smites you!
Ouch! That really hurt!
* * * LOW HITPOINT WARNING * * *
Found a spear.
You see here a +0 helmet.
The orc priest looks braver for a moment.
The orc priest looks braver for a moment.
The orc priest calls down the wrath of Beogh upon you.
Beogh smites you!
Ouch! That really hurt!
You die...

#..♣♣♣♣♣~.# #..
##.~PP~♣~P♣### #.#
#..~~~P~P≈~PP♣♣##
##.#♣~~~P≈≈~~~~~~♣#
##..♣~~~~~≈≈≈≈≈~~~~♣##
##..♣~~~~~P~~~~~~~P~P~
##...♣.P..~~~~PP~~~~~♣
#.....~....~...~~~♣~♣
#........@..........###
#..~P~~.....o...o.....#
##.~♣♣~PP~~~..~.......#
#.##~♣~PPP~~~P~♣###..#
#.###♣~~~♣~~~~~.# #..#
#.# #♣♣♣♣♣♣♣♣#.# #..# #
#.#####
♣♣♣#.#.###..##.#
###.....#
#.#.....##......
#...###.#
#.##.##.###o##..


You could see an orc priest and an orc.

Vanquished Creatures
  An orc priest (D:3)
  2 adders (D:2)
  A dart slug (D:1)
  2 orcs (D:3)
  2 ball pythons
  6 endoplasms
  4 giant cockroaches
  4 hobgoblins
  6 jackals
  7 kobolds
  A quokka (D:2)
  2 bats
  3 frilled lizards
  6 goblins
  6 rats
53 creatures vanquished.

Vanquished Creatures (others)
  9 plants (D:3)
9 creatures vanquished.

Grand Total: 62 creatures vanquished

Notes
Turn   | Place    | Note
-------+----------+-------------------------------------------
     0 | D:1      | BeingJoeMalik the Tengu Gladiator began the quest for the
                  | Orb.
     0 | D:1      | Reached XP level 1. HP: 12/12 MP: 2/2
   349 | D:1      | Reached XP level 2. HP: 10/17 MP: 3/3
   526 | D:1      | Reached skill level 4 in Polearms
   892 | D:1      | Reached XP level 3. HP: 20/21 MP: 4/4
   903 | D:1      | Found a faded altar of an unknown god.
  1178 | D:2      | Reached skill level 5 in Polearms
  1545 | D:2      | Reached XP level 4. HP: 26/26 MP: 5/5
  1765 | D:3      | Found a sparkling altar of Nemelex Xobeh.
  1785 | D:3      | Found a glowing silver altar of Zin.
  1936 | D:3      | Reached skill level 6 in Polearms
  1954 | D:3      | Killed from afar by an orc priest

Illustrated notes

Levels and vault maps discovered:
D:1:      nagdon_arrival_double_spiral, layout_basic,
          shapermc_ecumenical_altar_mp_highgroup
D:2:      layout_basic, kennysheep_nub
D:3:      layout_loops_ring, mainiacjoe_overflow_catch_the_wave, serial_bayou,
          serial_bayou_shore_b, serial_bayou_ford_a, serial_bayou_pond_c,
          serial_bayou_lagoon_b, roderic_three_in_a_row

Skill      XL: |  1  2  3  4 |
---------------+-------------+-----
Polearms       | 4 5 6 |  6.0
Fighting       | |  2.0
Throwing       | |  2.0
Dodging        | |  3.2

Action                   |  1- 3 |  4- 6 || total
-------------------------+-------+-------++-------
Melee: Trident           |    93 |    28 ||   121
       Kick              |    18 |     4 ||    22
       Peck              |    11 |     1 ||    12
Throw: Dart              |     2 |       ||     2
 Stab: Sleeping          |     3 |       ||     3
Armor: Leather armour    |    14 |     7 ||    21
Dodge: Dodged            |    43 |     4 ||    47
